 Dungeon Crawl Stone Soup version 0.26-a0-43-g20b394c (webtiles) character file.

Game seed: 16753933304561909803

104600 rednit the Phalangite (level 16, -8/124 HPs)
             Began as a Merfolk Ice Elementalist on June 2, 2020.
             Was the Champion of Okawaru.
             Mangled by an eight-headed hydra (11 damage)
             ... on level 2 of the Swamp on June 3, 2020.
             The game lasted 02:53:46 (36649 turns).

rednit the Phalangite (Merfolk Ice Elementalist)   Turns: 36649, Time: 02:53:46

Health: -8/124     AC: 10    Str: 24    XL:     16   Next: 39%
Magic:  11/23      EV: 26    Int: 19    God:    Okawaru [******]
Gold:   1537       SH:  0    Dex: 16    Spells: 6/21 levels left

rFire    . . .     SeeInvis +   V - +13 scythe of Curses {drain, *Curse} (curse)
rCold    + . .     Gourm    .   (shield currently unavailable)
rNeg     . . .     Faith    .   z - +2 leather armour {rPois}
rPois    +         Spirit   .   Y - +0 helmet of Agnosticism {*Slow Str+5 Int+3 Slay+3} (curse)
rElec    .         Reflect  .   C - scarf {repulsion}
rCorr    .         Harm     .   g - +0 pair of gloves
MR       ++...                  T - +1 pair of boots "Paymig" {*Corrode Str+7 SInv}
Stlth    +++.......             L - amulet of magic regeneration
HPRegen  0.30/turn              h - ring of protection from cold
MPRegen  0.43/turn              R - ring of protection from magic

@: heroism, finesse, repel missiles
A: change form in water, swift swim, stealthy swim
a: Heroism, Finesse, Renounce Religion


You were on level 2 of the Swamp.
You worshipped Okawaru.
Okawaru was exalted by your worship.
You were near starving.

You visited 6 branches of the dungeon, and saw 27 of its levels.

You collected 2681 gold pieces.
You spent 1144 gold pieces at shops.

Inventory:

Hand Weapons
 V - the cursed +13 scythe of Curses (weapon) {drain, *Curse}
   (Okawaru gifted it to you on level 4 of the Lair of Beasts)

   A truly terrible weapon, it drains the life of those it strikes.
   It curses itself when equipped.
   It has a curse placed upon it.
Missiles
 F - 6 curare-tipped darts (quivered)
Armour
 g - a +0 pair of gloves (worn)
 r - a scarf of resistance
 v - a +2 leather armour of magic resistance
 z - a +2 leather armour of poison resistance (worn)
 C - a scarf of repulsion (worn)
 T - the +1 pair of boots "Paymig" (worn) {*Corrode Str+7 SInv}
   (You found it on level 2 of the Lair of Beasts)

   It affects your strength (+7).
   It lets you see invisible.
   It may corrode you when you take damage.
 Y - the cursed +0 helmet of Agnosticism (worn) {*Slow Str+5 Int+3 Slay+3}
   (You bought it in a shop on level 13 of the Dungeon)

   It affects your strength (+5).
   It affects your intelligence (+3).
   It affects your accuracy and damage with ranged weapons and melee attacks
   (+3).
   It may slow you when you take damage.
   It has a curse placed upon it.
Jewellery
 h - a ring of protection from cold (left hand)
 t - an uncursed ring of magical power
 G - an uncursed ring of magical power
 K - an uncursed ring of flight
 L - an amulet of magic regeneration (around neck)
 O - an uncursed ring of stealth
 R - a ring of protection from magic (right hand)
 U - an uncursed amulet of reflection {unknown}
 Z - a +4 ring of evasion
Wands
 a - a wand of acid (14)
 b - a wand of polymorph (6)
 e - a wand of enslavement (5)
 k - a wand of paralysis (22)
 H - a wand of flame (83)
 Q - a wand of iceblast (5)
Scrolls
 f - 2 scrolls of vulnerability
 j - 12 scrolls of teleportation
 l - 4 scrolls of amnesia
 n - 2 scrolls of magic mapping
 p - 15 scrolls of remove curse
 w - 2 scrolls of enchant weapon
 x - 5 scrolls of immolation
 y - 2 scrolls of summoning {unknown}
 B - 3 scrolls of fog
 D - 5 scrolls of fear
 I - a scroll of enchant armour
 N - 2 scrolls of blinking
Potions
 d - a potion of resistance
 m - 3 potions of heal wounds
 o - 5 potions of brilliance
 q - 4 potions of berserk rage
 u - 4 potions of lignification
 A - 2 potions of invisibility
 E - 3 potions of flight
 J - 3 potions of mutation
 P - 5 potions of might
 S - 6 potions of curing
 W - a potion of ambrosia
 X - 2 potions of cancellation
Miscellaneous
 i - a phial of floods
 M - a phial of floods
Comestibles
 c - 41 rations
 s - 9 chunks of flesh


   Skills:
 + Level 10.8(15.8) Fighting
 - Level 22.1(27) Polearms
 + Level 13.0(18.0) Dodging
 - Level 2.1(7.1) Stealth
 - Level 3.1 Spellcasting
 * Level 8.6 Charms
 * Level 9.8 Summonings
 * Level 11.0 Ice Magic
 * Level 10.5 Invocations
 - Level 3.0 Evocations


You had 6 spell levels left.
You knew the following spells:

 Your Spells              Type           Power        Failure   Level  Hunger
a - Freeze                Ice            ####         1%          1    None
b - Frozen Ramparts       Ice            #####.       1%          3    ###....
c - Summon Ice Beast      Ice/Summ       #####...     2%          4    ####...
d - Ozocubu's Armour      Chrm/Ice       #####...     1%          3    ###....
e - Hailstorm             Conj/Ice       ###.....     17%         4    ####...

Your spell library contained the following spells:

 Spells                   Type           Power        Failure   Level  Hunger
 Summon Small Mammal      Summ           ####         1%          1    None
 Ensorcelled Hibernation  Hex/Ice        ###...       2%          2    ##.....
 Animate Skeleton         Necr           N/A          17%         1    None
 Apportation              Tloc           #.....       17%         1    None
 Corona                   Hex            #......      17%         1    None
 Pain                     Necr           #...         17%         1    None
 Poisonous Vapours        Pois/Air       #.....       26%         2    ##.....
 Shadow Creatures         Summ           N/A          41%         6    #######
 Conjure Flame            Conj/Fire      #.......     45%         3    ###....
 Mephitic Cloud           Conj/Pois/Air  #.......     45%         3    ###....
 Vampiric Draining        Necr           #.........   45%         3    ###....
 Animate Dead             Necr           N/A          86%         4    ####...
 Agony                    Necr           #.......     99%         5    ######.
 Borgnjor's Vile Clutch   Necr/Erth      #.........   99%         5    ######.
 Silence                  Hex/Air        #.........   99%         5    ######.
 Freezing Cloud           Conj/Ice/Air   ###.......   99%         6    #######
 Darkness                 Hex            #.........   100%        6    #######
 Ring of Flames           Chrm/Fire      ###.......   100%        7    #######


Dungeon Overview and Level Annotations

Branches:
Dungeon (15/15)            Temple (1/1) D:6            Lair (6/6) D:9
  Swamp (2/4) Lair:3        Snake (1/4) Lair:2        Slime (0/5) Lair:5
    Orc (2/2) D:10            Elf (0/3) Orc:2        Vaults (0/5) D:13
 Depths (0/5) D:15

Altars:
Ashenzari
Cheibriados
Dithmenos
Elyvilon
Fedhas
Gozag
Hepliaklqana
Kikubaaqudgha
Makhleb
Nemelex Xobeh
Okawaru
Qazlal
Ru
Sif Muna
Trog
Uskayaw
Vehumet
Wu Jian
Xom
Yredelemnul
Zin
The Shining One
Beogh

Shops:
D:12 [   D:13 =[([*   Orc:2 !(:*

Annotations:
Lair:6 exclusion: oklob plant


Message History

* * * LOW HITPOINT WARNING * * *
The six-headed hydra bites you.
* * * LOW HITPOINT WARNING * * *
The six-headed hydra misses you.
You feel much better. The six-headed hydra barely misses you.
The six-headed hydra bites you!
* * * LOW HITPOINT WARNING * * *
The six-headed hydra bites you but does no damage.
The six-headed hydra completely misses you. x2
The six-headed hydra misses you. The eight-headed hydra bites you.
* * * LOW HITPOINT WARNING * * *
The eight-headed hydra bites you!
* * * LOW HITPOINT WARNING * * *
The eight-headed hydra closely misses you.
The eight-headed hydra misses you. x2
The eight-headed hydra closely misses you.
The eight-headed hydra bites you.
* * * LOW HITPOINT WARNING * * *
The eight-headed hydra bites you!
You die...

≈.≈≈≈...≈≈..†..≈≈♣♣ ≈..
♣..≈≈≈)...<≈≈.♣
$....♣.≈≈≈≈♣≈..≈.♣♣
..≈≈...÷.≈♣♣♣≈....♣
..≈≈≈.≈♣♣♣♣♣♣≈≈..≈♣♣
.≈≈≈.♣≈≈♣♣♣♣.....♣≈♣♣♣♣♣
≈.........♣..≈≈≈....≈..♣♣
♣♣♣♣........≈≈♣≈≈....≈..♣
...♣.§≈≈≈@≈≈♣♣≈.....≈♣♣
≈≈...≈≈≈.DD♣.♣≈.≈..≈≈.♣♣
≈≈≈≈≈≈≈≈...≈..≈≈.≈....≈≈♣
≈≈≈≈≈≈≈..≈.♣≈≈..≈..≈.♣♣
≈≈...≈...≈.≈≈.....§≈≈♣
<≈.♣≈≈....≈........♣♣
♣♣♣♣≈≈≈.........≈.≈.♣
♣♣≈♣...≈.....≈...≈..♣
♣≈.≈.♣♣.≈.♣♣..≈≈..≈≈.♣


You could see an eight-headed hydra and a six-headed hydra.

Vanquished Creatures
  Jorgrun (D:14)
  A frost giant (D:15)
  An orc warlord (Orc:1)
  The ghost of Sijoc the Destroyer, a journeyman DrCj of Sif Muna (Lair:3)
  A fire dragon (Lair:6)
  A hydra (D:12)
  6 centaur warriors
  The ghost of Tamiotz the Cleaver, a journeyman VSBe of Trog (Lair:3)
  An ogre mage (D:15)
  8 two-headed ogres
  2 tengu warriors
  2 alligators (Swamp:1)
  3 orc high priests (Orc:2)
  A fire crab (Lair:6)
  An unseen horror (D:15)
  2 swamp dragons
  A wizard (D:13)
  A mana viper (Snake:1)
  5 orc knights
  A deep elf mage (D:15)
  28 ugly things
  A harpy (shapeshifter) (D:15)
  5 orc sorcerers (Orc:2)
  A wolf spider (Lair:6)
  6 cyclopes
  2 manticores
  18 elephants
  10 black mambas
  A centaur zombie (D:15)
  A naga mage (Snake:1)
  17 spiny frogs
  A guardian serpent (Lair:6)
  2 centaur skeletons
  A kobold demonologist (D:15)
  A freezing wraith (D:15)
  2 rime drakes
  2 komodo dragons
  A yaktaur (D:15)
  3 tengu conjurers
  A queen bee (Lair:1)
  2 polar bears
  4 trolls
  A tyrant leech (Swamp:1)
  6 meliai
  4 hornets
  8 slime creatures
  6 blink frogs (Lair:4)
  8 hippogriffs
  4 bog bodies
  A meliai zombie (D:14)
  A spriggan (Swamp:1)
  A shadow (D:15)
  14 wyverns
  A centaur simulacrum (D:14)
  38 yaks
  Sigmund (D:2)
  2 redbacks (Lair:6)
  A nameless horror (D:4)
  5 basilisks
  4 steam dragons (Lair:6)
  11 wargs
  19 vampire mosquitoes
  A hungry ghost (D:7)
  4 swamp worms
  2 nagas (Snake:1)
  3 acid dragons
  A harpy simulacrum (D:14)
  18 water moccasins
  A swamp drake (Lair:6)
  A floating eye (D:9)
  8 porcupines
  26 orc warriors
  2 black bears
  2 ice beasts
  6 eyes of draining
  2 phantoms
  A sky beast (D:7)
  12 ogres
  8 wolves (Lair:5)
  2 centaurs
  8 crocodiles
  A big kobold (D:12)
  20 bullfrogs
  A wyvern zombie (D:8)
  A water moccasin zombie (D:8)
  3 scorpions
  29 killer bees
  5 wights
  8 electric eels
  4 howler monkeys
  3 bullfrog zombies
  11 crimson imps
  9 hounds
  A quasit (D:7)
  23 orc priests
  10 jellies
  27 orc wizards
  2 bullfrog skeletons
  10 iguanas
  9 worker ants
  Natasha (thrice) (D:3)
  A hound zombie (D:9)
  A hound skeleton (D:4)
  2 worker ant zombies
  3 gnolls (D:8)
  10 adders
  4 shadow imps
  An adder skeleton (D:4)
  An adder zombie (D:8)
  3 worms (D:2)
  3 dart slugs
  4 leopard geckos
  75 orcs
  3 bats (D:1)
  6 giant cockroaches
  5 hobgoblins
  6 quokkas
  12 frilled lizards
  7 goblins
  A jackal skeleton (D:7)
  9 kobolds
  A quokka zombie (D:9)
  7 rats
  A fungus (Lair:2)
  A plant (Lair:4)
742 creatures vanquished.

Vanquished Creatures (collateral kills)
  6 hydras
  An elephant (Lair:6)
  The ghost of XxsatanxX the Chopper, a novice DsFi (D:6)
  A spiny frog (Lair:3)
  2 tyrant leeches
  A redback (Lair:6)
  A spriggan (Swamp:1)
  A basilisk (Lair:6)
  A hungry ghost (D:8)
  3 vampire mosquitoes
  2 wargs (D:9)
  2 swamp worms
  A floating eye (D:9)
  A hornet zombie (D:10)
  2 swamp drakes
  An orc warrior (D:9)
  A black bear (Lair:4)
  A centaur (D:9)
  2 crocodiles (Lair:3)
  A wyvern zombie (D:6)
  A scorpion (D:14)
  2 wights (D:8)
  An electric eel (Lair:3)
  A crimson imp (D:9)
  A hound (D:7)
  3 orc priests
  A worker ant (D:9)
  2 orc wizards
  2 adder skeletons (D:4)
  6 orcs
  2 kobolds (D:12)
  A quokka (D:4)
55 creatures vanquished.

Vanquished Creatures (others)
  A komodo dragon (Lair:6)
  An orc priest (Orc:2)
  An iguana (Lair:6)
  A leopard gecko zombie (D:8)
  2 bushes
  23 fungi
  31 plants
60 creatures vanquished.

Grand Total: 857 creatures vanquished

Notes
Turn   | Place    | Note
-------+----------+-------------------------------------------
     0 | D:1      | rednit the Merfolk Ice Elementalist began the quest for the
                  | Orb.
     0 | D:1      | Reached XP level 1. HP: 13/13 MP: 3/3
    51 | D:1      | You fall into a shaft and drop 1 floor!
    55 | D:2      | Found a hazy altar of Hepliaklqana.
    63 | D:2      | Noticed Sigmund
   197 | D:1      | Reached XP level 2. HP: 19/19 MP: 1/5
   977 | D:1      | Reached XP level 3. HP: 22/24 MP: 2/6
   985 | D:1      | Reached skill level 5 in Ice Magic
  1092 | D:1      | Learned a level 3 spell: Frozen Ramparts
  1758 | D:2      | Found a faded altar of an unknown god.
  2251 | D:2      | Killed Sigmund
  2251 | D:2      | Reached XP level 4. HP: 18/30 MP: 1/8
  2251 | D:2      | Reached XP level 5. HP: 22/35 MP: 1/9
  2513 | D:2      | Found a burning altar of Makhleb.
  2918 | D:3      | Learned a level 4 spell: Summon Ice Beast
  3006 | D:3      | Noticed Natasha
  3016 | D:3      | Killed Natasha
  3016 | D:3      | Reached XP level 6. HP: 32/41 MP: 5/10
  3093 | D:3      | Noticed Natasha
  3101 | D:3      | Killed Natasha
  3101 | D:3      | Reached skill level 1 in Summonings
  3284 | D:3      | Noticed an eye of draining
  3397 | D:3      | Found a bloodstained altar of Trog.
  3406 | D:3      | Reached skill level 5 in Dodging
  3448 | D:3      | Killed an eye of draining
  3544 | D:3      | Noticed Natasha
  3553 | D:3      | Killed Natasha
  3861 | D:4      | Reached XP level 7. HP: 45/46 MP: 7/11
  4797 | D:5      | Entered Level 5 of the Dungeon
  5268 | D:5      | Noticed a hungry ghost
  5276 | D:5      | Noticed a nameless horror
  5331 | D:4      | Killed a nameless horror
  6025 | D:5      | Reached skill level 1 in Polearms
  6470 | D:6      | Found a sparkling altar of Nemelex Xobeh.
  6488 | D:6      | Reached skill level 2 in Polearms
  6491 | D:6      | Reached skill level 3 in Polearms
  6497 | D:6      | Reached XP level 8. HP: 40/52 MP: 6/12
  6550 | D:6      | Found a shimmering altar of Xom.
  6612 | D:6      | Found a runed translucent gate.
  6619 | D:6      | Found a runed translucent gate.
  6619 | D:6      | Noticed XxsatanxX's ghost (novice DsFi)
  6620 | D:6      | Found a runed translucent gate.
  6623 | D:6      | Identified the +8 rapier "Gutsayhi" {vorpal, rN++}
  6854 | D:6      | Reached skill level 4 in Polearms
  6899 | D:6      | Found an opulent altar of Gozag.
  6924 | D:6      | Reached skill level 5 in Polearms
  6927 | D:6      | Reached skill level 6 in Polearms
  7716 | D:6      | Found a staircase to the Ecumenical Temple.
  7746 | Temple   | Entered the Ecumenical Temple
  7932 | Temple   | Became a worshipper of Warmaster Okawaru
  7981 | D:6      | Reached skill level 7 in Polearms
  8127 | D:6      | Found a glowing golden altar of the Shining One.
  8176 | D:6      | Reached skill level 8 in Polearms
  8455 | D:6      | Found a roughly hewn altar of Beogh.
  8660 | D:7      | Reached skill level 9 in Polearms
  8820 | D:7      | Reached skill level 10 in Polearms
  8838 | D:7      | Reached XP level 9. HP: 57/57 MP: 8/13
  8982 | D:7      | Reached skill level 11 in Polearms
  9108 | D:7      | Reached * piety under Okawaru
  9283 | D:7      | Reached skill level 12 in Polearms
  9283 | D:7      | Reached skill level 1 in Fighting
  9975 | D:7      | Found a stormy altar of Qazlal.
 10177 | D:7      | Reached ** piety under Okawaru
 10622 | D:8      | Reached skill level 5 in Fighting
 10861 | D:8      | Reached skill level 5 in Summonings
 11159 | D:8      | Reached XP level 10. HP: 76/76 MP: 10/14
 11495 | D:8      | Found a shimmering blue altar of Sif Muna.
 12233 | D:9      | Found a sacrificial altar of Ru.
 12610 | D:9      | Found a staircase to the Lair.
 12625 | D:9      | Noticed a two-headed ogre
 12626 | D:9      | Reached *** piety under Okawaru
 13136 | D:9      | Reached skill level 10 in Dodging
 13182 | D:9      | Paralysed by a floating eye for 4 turns
 13188 | D:9      | Reached **** piety under Okawaru
 13493 | D:9      | Killed a two-headed ogre
 13493 | D:9      | Reached XP level 11. HP: 87/87 MP: 15/15
 13554 | D:9      | Paralysed by a floating eye for 4 turns
 13663 | D:9      | Found a glowing silver altar of Zin.
 13819 | D:9      | Found an ornate altar of the Wu Jian Council.
 13992 | D:10     | Entered Level 10 of the Dungeon
 14853 | D:10     | Reached ***** piety under Okawaru
 15010 | D:10     | Found a staircase to the Orcish Mines.
 16108 | D:6      | Upgraded the game from 0.26-a0-42-g4f27934 to
                  | 0.26-a0-43-g20b394c
 16190 | Lair:1   | Entered Level 1 of the Lair of Beasts
 16210 | Lair:1   | Learned a level 3 spell: Ozocubu's Armour
 16263 | Lair:1   | Received a gift from Okawaru
 16286 | Lair:1   | Reached skill level 1 in Charms
 16294 | Lair:1   | Reached skill level 1 in Evocations
 16644 | Lair:1   | Reached skill level 1 in Invocations
 16866 | Lair:1   | Noticed a four-headed hydra
 16881 | Lair:1   | Killed a four-headed hydra
 17327 | Lair:1   | Reached XP level 12. HP: 73/95 MP: 10/16
 17641 | Lair:2   | Found a staircase to the Snake Pit.
 17937 | Lair:2   | Got a pair of slimy boots
 17938 | Lair:2   | Identified the +1 pair of boots "Paymig" {*Corrode Str+7
                  | SInv} (You found it on level 2 of the Lair of Beasts)
 18589 | Lair:3   | Reached skill level 5 in Charms
 18882 | Lair:3   | Found a staircase to the Swamp.
 18887 | Lair:3   | Noticed a five-headed hydra
 18914 | Lair:3   | Killed a five-headed hydra
 19180 | Lair:3   | Reached skill level 5 in Invocations
 20125 | Lair:3   | Found a runed translucent gate.
 20125 | Lair:3   | Found a runed translucent gate.
 20126 | Lair:3   | Found a runed translucent gate.
 20127 | Lair:3   | Noticed Tamiotz's ghost (journeyman VSBe)
 20127 | Lair:3   | Noticed Sijoc's ghost (journeyman DrCj)
 20739 | Lair:4   | Received a gift from Okawaru
 20740 | Lair:4   | Found the +13 scythe of Curses {drain, *Curse}
 21509 | Lair:5   | You fall into a shaft and drop 1 floor!
 21509 | Lair:6   | Entered Level 6 of the Lair of Beasts
 21541 | Lair:6   | Found a radiant altar of Vehumet.
 21576 | Lair:6   | Reached skill level 13 in Polearms
 21762 | Lair:6   | Reached skill level 14 in Polearms
 22077 | Lair:6   | Paralysed by a hornet for 3 turns
 22368 | Lair:6   | Reached skill level 15 in Polearms
 22420 | Lair:6   | Reached XP level 13. HP: 98/101 MP: 15/19
 22520 | Lair:6   | Received a gift from Okawaru
 22525 | Lair:6   | Noticed a fire dragon
 22527 | Lair:6   | Reached skill level 16 in Polearms
 22540 | Lair:6   | Killed a fire dragon
 22573 | Lair:6   | Reached skill level 17 in Polearms
 22935 | Lair:6   | Reached skill level 18 in Polearms
 23107 | Lair:6   | Reached ****** piety under Okawaru
 23177 | Lair:5   | Found a hazy altar of Hepliaklqana.
 23304 | Lair:5   | Reached skill level 19 in Polearms
 23508 | Lair:5   | Received a gift from Okawaru
 23739 | Lair:5   | Received a gift from Okawaru
 23760 | Lair:5   | Found a staircase to the Slime Pits.
 24242 | Lair:6   | Reached skill level 20 in Polearms
 24242 | Lair:6   | Reached XP level 14. HP: 106/108 MP: 20/20
 25279 | Lair:6   | Got a translucent cloak
 25280 | Lair:6   | Identified the cursed +0 cloak of Instinct {-Cast Str+6}
                  | (You found it on level 6 of the Lair of Beasts)
 25760 | D:6      | Killed XxsatanxX's ghost
 26291 | D:12     | Reached skill level 21 in Polearms
 27247 | D:12     | Found Giar Sor's Armour Boutique.
 27564 | D:13     | Found Abegocvu's Antique Armour Shop.
 27593 | D:13     | Received a gift from Okawaru
 27754 | D:13     | Found Joxuezy's Antique Weapon Shop.
 27755 | D:13     | Found Agemi's Antique Armour Shop.
 27756 | D:13     | Found Zicramu's Jewellery Shop.
 27780 | D:13     | Bought an uncursed amulet of magic regeneration for 450
                  | gold pieces
 27814 | D:13     | Found Potopt's Assorted Antiques.
 27822 | D:13     | Bought a shimmering helmet for 304 gold pieces
 27823 | D:13     | Identified the cursed +0 helmet of Agnosticism {*Slow Str+5
                  | Int+3 Slay+3} (You bought it in a shop on level 13 of the
                  | Dungeon)
 28013 | D:13     | Reached skill level 22 in Polearms
 28561 | D:13     | Found a gate to the Vaults.
 28622 | D:14     | Noticed Jorgrun
 28633 | D:14     | Killed Jorgrun
 29051 | D:14     | Reached XP level 15. HP: 114/114 MP: 21/21
 29547 | D:15     | Entered Level 15 of the Dungeon
 29955 | D:15     | Received a gift from Okawaru
 30170 | D:15     | Reached skill level 10 in Fighting
 30772 | D:15     | Reached skill level 10 in Ice Magic
 30954 | D:15     | Found a staircase to the Depths.
 30954 | D:15     | Noticed a frost giant
 30968 | D:15     | Killed a frost giant
 31318 | D:15     | Received a gift from Okawaru
 31533 | Orc:1    | Entered Level 1 of the Orcish Mines
 31864 | Orc:1    | Noticed an orc warlord
 31898 | Orc:1    | Killed an orc warlord
 32870 | Orc:2    | Entered Level 2 of the Orcish Mines
 33008 | Orc:2    | Found a staircase to the Elven Halls.
 33174 | Orc:2    | Found Bephutuq's General Store.
 33622 | Orc:2    | Reached XP level 16. HP: 99/124 MP: 21/23
 33710 | Orc:2    | Reached skill level 10 in Invocations
 33798 | Orc:2    | Found Halaovut's Distillery.
 33800 | Orc:2    | Found Voggosoa's Antique Weapon Boutique.
 33805 | Orc:2    | Found Laqy's Book Boutique.
 33840 | Orc:2    | Bought a potion of might for 52 gold pieces
 33840 | Orc:2    | Bought a potion of berserk rage for 65 gold pieces
 33840 | Orc:2    | Bought a potion of mutation for 104 gold pieces
 33840 | Orc:2    | Bought a potion of heal wounds for 65 gold pieces
 33840 | Orc:2    | Bought a potion of mutation for 104 gold pieces
 34613 | Lair:3   | Killed Tamiotz's ghost
 34618 | Lair:3   | Killed Sijoc's ghost
 34789 | Snake:1  | Entered Level 1 of the Snake Pit
 35277 | Swamp:1  | Entered Level 1 of the Swamp
 35561 | Swamp:1  | Learned a level 4 spell: Hailstorm
 36581 | Swamp:2  | Received a gift from Okawaru
 36649 | Swamp:2  | HP: 3/124 [eight-headed hydra (5)]
 36649 | Swamp:2  | Mangled by an eight-headed hydra

Illustrated notes

Levels and vault maps discovered:
D:1:      shiori_arrival_elements, layout_basic, minmay_lizard_king
D:2:      layout_basic, lightli_temple_of_fire, lemuel_doored_altar,
          chequers_ecumenical_altar_simple_redux, uniq_sigmund
D:3:      layout_basic, trog_eyes_of_draining, uniq_natasha
D:4:      layout_basic
D:5:      layout_layer_cave, first_ration
D:6:      layout_loops_ring, lemuel_crystal_altar, brannock_xom_greatest_gift,
          grunt_gozag_statues, nemelex_xobeh_ov_fountains_minmay,
          minmay_temple_entry_nine_rooms, biasface_ghost_orc_armoury,
          serial_bayou_lake_a
D:7:      layout_basic, overflow_temple_1_default, minmay_joined_circles
D:8:      layout_cave_pods, kennysheep_mini, grunt_ogre_cave
D:9:      layout_basic, nicolae_overflow_crystal_walls,
          lemuel_coloured_pillars_altar, erik_lair_orcish_takeover, basic_altar,
          onia_ninara_cookie
D:10:     layout_basic, erik_orc_4
D:11:     layout_rooms
D:12:     layout_loops_ring, serial_shops,
          nicolae_shop_temple_entry_statues_fountains, minmay_misc_feat_cross
D:13:     layout_basic, david_vaults_1, serial_shops, nicolae_shop_trees,
          minmay_shop_grid_forest
D:14:     layout_gridville, hangedman_abyss_or_decor_stagger, uniq_jorgrun
D:15:     grunt_enter_depths_snipers, layout_basic, serial_co_window_serial,
          co_window_corner_a, co_window_paths_b, co_window_of_opportunity_a,
          co_window_paths_a, co_window_paths_a, co_window_broadway_b,
          co_window_cross_3, co_window_of_opportunity_c, co_window_broadway_a,
          glass_columns_a, glass_columns_a, glass_columns_a, glass_columns_b,
          glass_columns_a
Temple:   jpeg_temple_clearing
Lair:1:   layout_roguey [special_room_bee], infiniplex_staircase_pool_2
Lair:2:   layout_cave_pods, dummy_snake_entry
Lair:3:   layout_cave_pods, minmay_swamp_entry_eels, gammafunk_ghost_cemetery
Lair:4:   layout_roguey, gammafunk_lair_bear_cave, serial_bayou_shore_b
Lair:5:   layout_regular_city, minmay_slime_entry_pillars, basic_altar,
          cheibrodos_lair_caveside_slide, minivault_23, lemuel_fruit_fields
Lair:6:   guppyfry_lair_end_dragon, layout_cave_pods,
          hangedman_lair_tendril_chambers, lemuel_oklob_altar
Swamp:1:  layout_basic_swamp, nicolae_swamp_dense_foliage
Swamp:2:  layout_basic_swamp, hangedman_swamp_lotus, kb_tengu_band
Snake:1:  layout_cave_shapes
Orc:1:    cheibrodos_orc_guarddog, layout_diamond_mine,
          portal_ice_cave_entry_pillars_2, rock_pile
Orc:2:    st_orc_elflike, layout_diamond_mine

Skill      XL: |  1  2  3  4  5  6  7  8  9 10 11 12 13 14 15 16 |
---------------+-------------------------------------------------+-----
Dodging        | 3 4 5 6 7 10 11 12 13 | 13.0
Ice Magic      | 6 7 8 9 10 11 | 11.0
Spellcasting   | 3 |  3.1
Summonings     | 2 4 5 6 7 9 |  9.8
Polearms       | 3 10 12 15 20 22 | 22.1
Fighting       | 5 8 9 10 | 10.8
Charms         | 4 5 7 8 |  8.6
Evocations     | 2 3 |  3.0
Invocations    | 3 8 9 10 | 10.5
Stealth        | |  2.1

Action                   |  1- 3 |  4- 6 |  7- 9 | 10-12 | 13-15 | 16-18 || total
-------------------------+-------+-------+-------+-------+-------+-------++-------
Melee: Unarmed           |     1 |       |       |       |       |       ||     1
       Club              |    67 |     5 |       |       |       |       ||    72
       Spear             |       |    77 |   323 |   686 |       |       ||  1086
       Tailslap          |       |       |     2 |       |       |     2 ||     4
       Scythe            |       |       |       |    64 |   686 |   161 ||   911
Throw: Dart              |    28 |       |     4 |       |       |       ||    32
       Javelin           |       |       |     8 |    22 |    17 |       ||    47
 Cast: Freeze            |    26 |     7 |     3 |     9 |       |       ||    45
       Frozen Ramparts   |     7 |     8 |    51 |    76 |    64 |     4 ||   210
       Summon Ice Beast  |       |       |    17 |    43 |    17 |    28 ||   105
       Ozocubu's Armour  |       |       |       |     3 |    11 |     8 ||    22
       Hailstorm         |       |       |       |       |       |     6 ||     6
Invok: Heroism           |       |       |       |       |     4 |     1 ||     5
       Finesse           |       |       |       |       |     3 |     1 ||     4
Evoke: Wand              |       |       |       |     2 |       |       ||     2
  Use: Scroll            |       |     6 |     3 |    17 |    12 |     6 ||    44
       Potion            |       |       |     1 |     4 |     3 |     1 ||     9
 Stab: Sleeping          |     5 |     3 |     5 |     7 |    14 |     6 ||    40
       Distracted        |       |       |     7 |     5 |     6 |       ||    18
       Paralysed         |       |       |       |     8 |       |       ||     8
       Confused          |       |       |       |       |     1 |       ||     1
  Eat: Chunk             |     5 |     5 |    19 |    34 |    27 |    12 ||   102
       Ration            |       |       |     6 |     5 |     6 |     1 ||    18
Armor: Robe              |    15 |     4 |       |       |       |       ||    19
       Leather armour    |       |       |    37 |    38 |    60 |    43 ||   178
Dodge: Dodged            |    72 |    41 |   188 |   352 |   426 |   229 ||  1308
       Repelled          |       |       |       |       |     6 |     6 ||    12

Table legend:
 A = Non-vault XP
 B = Vault XP
 C = Vault XP percentage of total XP
 D = Non-vault monster count
 E = Vault monster count
 F = Vault count percentage of total count
                 A         B        C        D         E       F
            +---------+---------+-------+---------+---------+-------
      Total |  109717 |   39712 |  26.6 |     591 |     205 |  25.8
            +---------+---------+-------+---------+---------+-------
        D:1 |      34 |      10 |  22.7 |      21 |       8 |  27.6
        D:2 |      37 |     212 |  85.1 |      14 |       1 |   6.7
        D:3 |      94 |     160 |  63.0 |       8 |       4 |  33.3
        D:4 |     243 |       0 |   0.0 |      21 |       0 |   0.0
        D:5 |     316 |       0 |   0.0 |      14 |       0 |   0.0
        D:6 |    1010 |     809 |  44.5 |      24 |      10 |  29.4
        D:7 |    1102 |    1017 |  48.0 |      25 |      13 |  34.2
        D:8 |    1312 |     116 |   8.1 |      28 |       1 |   3.4
        D:9 |    2323 |    1742 |  42.9 |      32 |      21 |  39.6
       D:10 |    2459 |     570 |  18.8 |      25 |      17 |  40.5
       D:11 |    1122 |       0 |   0.0 |       5 |       0 |   0.0
       D:12 |    6994 |       0 |   0.0 |      41 |       0 |   0.0
       D:13 |    4483 |     943 |  17.4 |      16 |       2 |  11.1
       D:14 |   13071 |    3023 |  18.8 |      36 |       1 |   2.7
       D:15 |   23664 |    2982 |  11.2 |      52 |       3 |   5.5
     Lair:1 |    3934 |    1820 |  31.6 |      17 |      25 |  59.5
     Lair:2 |     437 |       0 |   0.0 |       4 |       0 |   0.0
     Lair:3 |    2867 |    2136 |  42.7 |      11 |       5 |  31.2
     Lair:4 |    3171 |     487 |  13.3 |      14 |       4 |  22.2
     Lair:5 |    7495 |     392 |   5.0 |      31 |       4 |  11.4
     Lair:6 |   12958 |   12856 |  49.8 |      40 |      51 |  56.0
    Swamp:1 |    6907 |       0 |   0.0 |      23 |       0 |   0.0
    Swamp:2 |    3901 |    1078 |  21.7 |      20 |       2 |   9.1
    Snake:1 |    2358 |       0 |   0.0 |       6 |       0 |   0.0
      Orc:1 |    5257 |    1174 |  18.3 |      39 |       9 |  18.8
      Orc:2 |    2168 |    8185 |  79.1 |      24 |      24 |  50.0
            +---------+---------+-------+---------+---------+-------
